 Dungeon Crawl Stone Soup version 0.21-a0-529-g8c7b3f5 (webtiles) character file.

42 KristoblXynda the Charmwright (level 3, 0/18 HPs)
             Began as a Spriggan Skald on Dec 9, 2017.
             Slain by a worm (11 damage)
             ... on level 2 of the Dungeon.
             The game lasted 00:02:55 (1870 turns).

KristoblXynda the Charmwright (Spriggan Skald)      Turns: 1870, Time: 00:02:56

Health: 0/18       AC:  2    Str:  8    XL:     3   Next: 33%
Magic:  6/8        EV: 19    Int: 14    God:
Gold:   107        SH:  0    Dex: 15    Spells: 3/8 levels left

rFire    . . .     SeeInvis +   a - +1 short sword
rCold    . . .     Gourm    .   (shield restricted)
rNeg     . . .     Faith    .   b - +0 robe
rPois    .         Spirit   .   (helmet restricted)
rElec    .         Reflect  .   (no cloak)
rCorr    .         Harm     .   (gloves unavailable)
MR       .....                  (boots unavailable)
Stlth    ++........             (no amulet)
HPRegen  0.06/turn              (no ring)
MPRegen  0.11/turn              (no ring)

@: very quick
A: very small, unfitting armour, see invisible, herbivore 3, speed 3, slow
metabolism 2
a: no special abilities


You were on level 2 of the Dungeon.
You were not hungry.

You visited 1 branch of the dungeon, and saw 2 of its levels.

You collected 107 gold pieces.

Inventory:

Hand Weapons
 a - a +1 short sword (weapon)
Armour
 b - a +0 robe (worn)
Jewellery
 h - an uncursed ring of fire {unknown}
Scrolls
 e - a scroll of remove curse
 f - a scroll of noise {unknown}
 k - a scroll of magic mapping {unknown}
Potions
 g - a potion of ambrosia {unknown}
 i - a potion of heal wounds {unknown}
 j - a potion of magic {unknown}
Books
 c - a book of Battle

   Spells                             Type                      Level
   a - Infusion                       Charms                       1
   b - Shroud of Golubria             Charms/Translocation         2
   c - Song of Slaying                Charms                       2
   d - Spectral Weapon                Hexes/Charms                 3
   e - Regeneration                   Charms/Necromancy            3
Comestibles
 d - a bread ration
 l - a royal jelly


   Skills:
 - Level 2.0 Fighting
 + Level 2.3 Short Blades
 + Level 4.2 Dodging
 + Level 1.3 Stealth
 - Level 3.0 Spellcasting
 + Level 5.0 Charms


You had 3 spell levels left.
You knew the following spells:

 Your Spells              Type           Power        Failure   Level  Hunger
b - Regeneration          Chrm/Necr      #.........   22%         3    ###....
c - Shroud of Golubria    Chrm/Tloc      #.........   12%         2    ##.....


Dungeon Overview and Level Annotations

Branches:
Dungeon (2/15)

Altars:

Annotations:
D:2 Sigmund


Innate Abilities, Weirdness & Mutations

You are very small and have problems with some larger weapons.
You are too small for most types of armour.
You have supernaturally acute eyesight. (SInv)
You are a herbivore.
You cover ground extremely quickly.
You need consume almost no food.


Message History

The worm is lightly wounded.
The worm barely misses you.
You hit the worm.
The worm is lightly wounded.
The worm misses you.
Cast which spell? (? or * to list) Space distorts slightly along a thin shroud covering your body.
You hit the worm.
The worm is lightly wounded.
The worm misses you.
You hit the worm.
The worm is moderately wounded.
You hit the worm.
The worm is heavily wounded.
Your shroud bends the worm's attack away.
You hit the worm.
The worm is heavily wounded.
The worm bites you!
Ouch! That really hurt!
You die...

#.........# .......
#.........# .......
#.........# .......
#.........# .......
#.........#####.......
#####+#..........)....
.......#####........
###.#..#####........
#.#..#..@w........ #
#..#.###.####### #..#.
#.# #..#. #.# #..#.
#.# #. ... #. #.# #.
..#


You could see a worm.

Vanquished Creatures
  2 adders (D:2)
  An ooze (D:1)
  A dart slug (D:1)
  A giant cockroach (D:1)
  3 goblins (D:1)
  A hobgoblin (D:2)
  5 bats (D:1)
  A frilled lizard (D:1)
  3 kobolds (D:1)
  2 rats (D:1)
20 creatures vanquished.

Notes
Turn   | Place    | Note
-------+----------+-------------------------------------------
     0 | D:1      | KristoblXynda the Spriggan Skald began the quest for the Orb.
     0 | D:1      | Reached XP level 1. HP: 10/10 MP: 5/5
    87 | D:1      | Reached XP level 2. HP: 10/15 MP: 6/6
  1067 | D:2      | Reached skill level 1 in Stealth
  1067 | D:2      | Reached XP level 3. HP: 7/18 MP: 8/8
  1449 | D:2      | Learned a level 3 spell: Regeneration
  1452 | D:2      | Learned a level 2 spell: Shroud of Golubria
  1537 | D:2      | Reached skill level 5 in Charms
  1708 | D:2      | Noticed Sigmund
  1870 | D:2      | Slain by a worm

Vault maps used:
D:1:      co_arrival_random_square_maze, minmay_pentomino_r4
D:2:      lemuel_crystal_altar, chequers_big_river, uniq_sigmund

Skill      XL: |  1  2  3 |
---------------+----------+-----
Spellcasting   | 3 |  3.0
Dodging        | 4 |  4.2
Fighting       | 2 |  2.0
Stealth        | 1 |  1.3
Charms         | 5 |  5.0
Short Blades   | |  2.3

Action                   || total
-------------------------++-------
Melee: Short sword       ||   102
 Cast: Shroud of Golubri ||     1
  Use: Scroll            ||     4
 Stab: Sleeping          ||     2
Armor: Robe              ||     6
Dodge: Dodged            ||    93

Table legend:
 A = Spawn XP
 B = Non-spawn XP
 C = Spawn XP percentage of total XP
 D = Spawn monster count
 E = Non-spawn monster count
 F = Spawn count percentage of total count
 G = Total turns spent on level
                    A         B        C        D         E        F      G
               +---------+---------+-------+---------+---------+-------+---------
         Total |       0 |      60 |   0.0 |       0 |      20 |   0.0 |  1870
               +---------+---------+-------+---------+---------+-------+---------
           D:1 |       0 |      32 |   0.0 |       0 |      17 |   0.0 |  1034
           D:2 |       0 |      28 |   0.0 |       0 |       3 |   0.0 |   836
               +---------+---------+-------+---------+---------+-------+---------
